Map: Coda LE (Void)

Players

Javert

  • Race: Zerg Zerg
  • League: Grandmaster

Kathelexidon - Winner!

  • Race: Zerg Zerg
  • League: Grandmaster

VOD

Have the link to the VOD?

Description

Time

  • Played on: June 29, 2015, 10:29 p.m.
  • Length: 12:36
Show
View Real Time Build Order
Export as new Build Order

Javert Zerg 

Build Orders: Hatch First, Lurkers 

Get SALT Encoding   

  12  0:01  Drone  
  13  0:12  Overlord  
  13  0:18  Drone  
  14  0:31  Drone x2  
  16  0:50  Hatchery  
  16  0:54  Drone  
  16  0:59  Drone  
  16  1:01  Extractor  
  16  1:05  Drone  
  17  1:19  Spawning Pool  
  17  1:24  Drone x2  
  18  1:34  Drone  
  19  1:43  Overlord  
  19  1:50  Drone  
  20  2:05  Metabolic Boost  
  20  2:06  Queen  
  22  2:08  Queen  
  22  2:14  Zergling x2  
  25  2:16  Zergling x2  
  25  2:18  Zergling x2  
  27  2:26  Drone  
  27  2:27  Drone x2  
  30  2:35  Drone  
  30  2:36  Drone  
  32  2:50  Drone x2  
  34  3:02  Drone x2  
  34  3:23  Zergling x4  
  34  3:24  Overlord  
  36  3:39  Overlord  
  36  3:41  Baneling Nest  
  36  3:45  Drone x2  
  36  3:46  Drone x5  
  42  3:56  Hatchery  
  38  4:04  Spine Crawler  
  38  4:05  Evolution Chamber  
  38  4:06  Spine Crawler, Zergling x14  
  42  4:13  Evolution Chamber  
  42  4:30  Drone x6  
  47  4:37  Drone x3  
  50  4:44  Drone  
  51  4:50  Extractor  
  51  4:51  Baneling  
  51  4:52  Extractor, Baneling x2  
  50  4:54  Overlord  
  50  4:55  Lair  
  50  4:57  Extractor  
  48  5:03  Drone x3  
  51  5:13  Drone x5  
  56  5:32  Drone x5  
  56  5:33  Drone x6  
  66  5:39  Spine Crawler  
  64  6:01  Overlord x2  
  64  6:02  Roach Warren  
  64  6:04  Overlord  
  63  6:08  Evolution Chamber  
  63  6:11  Evolution Chamber  
  59  6:38  Zerg Missile Weapons Level 1, Zerg Ground Armor Level 1  
  59  6:43  Roach x12  
  59  6:44  Glial Reconstitution  
  83  6:53  Hatchery  
  82  6:59  Roach  
  82  7:00  Overlord  
  82  7:01  Overlord  
  84  7:06  Zergling x2, Extractor  
  82  7:16  Hydralisk Den  
  82  7:18  Overlord  
  82  7:19  Overlord  
  82  7:20  Pneumatized Carapace  
  81  7:26  Burrow  
  81  7:32  Baneling  
  81  7:33  Baneling  
  81  7:35  Roach x5  
  91  7:38  Ravager x3  
  91  7:39  Ravager x4  
  91  7:40  Drone x2  
  91  7:41  Drone  
  101  7:51  Overlord  
  101  7:52  Overlord  
  101  7:55  Lurker Den  
  101  8:08  Overlord x2  
  101  8:12  Drone x2  
  103  8:13  Drone x5  
  103  8:15  Spine Crawler  
  103  8:16  Drone x2  
  103  8:17  Drone x3  
  112  8:30  Roach x6  
  124  8:35  Zerg Missile Weapons Level 2  
  124  8:53  Overlord x2  
  124  8:56  Drone x3  
  124  8:57  Drone x5  
  124  9:00  Queen  
  134  9:04  Extractor  
  133  9:12  Roach x4  
  133  9:13  Roach x2  
  143  9:39  Roach x5  
  144  9:58  Roach  
  144  9:59  Roach x6  
  145  10:17  Overlord  
  145  10:18  Overlord  
  140  10:38  Hydralisk x7  
  140  10:39  Hydralisk  
  156  10:51  Hydralisk x3  
  156  10:54  Overlord x2  
  162  11:00  Infestation Pit  
  161  11:08  Lurker  
  161  11:11  Overlord x4  
  162  11:19  Hatchery, Extractor  
  162  11:23  Extractor  
  139  11:33  Lurker x3  
  139  11:34  Lurker x6  
  139  11:35  Lurker  
  139  11:38  Roach x12  
  139  11:39  Roach  
  175  11:42  Ravager  
  176  11:56  Ravager x2  
  176  12:00  Hatchery  
  176  12:01  Extractor x2  
Show
View Real Time Build Order
Export as new Build Order

Kathelexidon Zerg - Winner!

Build Orders: Hatch First 

Get SALT Encoding   

  12  0:01  Drone  
  13  0:14  Drone  
  14  0:39  Hatchery  
  14  0:42  Overlord  
  13  0:46  Drone  
  14  1:00  Drone x2  
  16  1:05  Extractor  
  15  1:18  Spawning Pool  
  14  1:19  Drone x2  
  16  1:27  Drone  
  17  1:39  Drone  
  18  1:47  Overlord  
  18  1:54  Drone  
  19  2:05  Queen  
  19  2:06  Queen  
  23  2:09  Drone x2  
  25  2:18  Metabolic Boost  
  25  2:23  Drone x2  
  25  2:27  Drone  
  28  2:38  Drone x3  
  31  2:44  Queen  
  33  2:52  Overlord  
  33  3:04  Overlord  
  33  3:09  Zergling x6  
  34  3:25  Zergling x12  
  34  3:26  Zergling x2  
  40  3:37  Drone x2  
  40  3:38  Drone x2  
  44  3:48  Queen  
  44  3:49  Drone x2  
  44  3:50  Overlord  
  48  4:04  Extractor  
  48  4:06  Extractor  
  48  4:07  Drone x4, Roach Warren  
  48  4:08  Drone  
  50  4:10  Drone  
  46  4:34  Zergling x2  
  46  4:35  Zergling x4  
  48  4:38  Zergling x6  
  48  4:39  Zergling x4  
  48  4:41  Zergling x6  
  56  4:46  Zergling x8  
  60  5:04  Overlord x3  
  60  5:05  Overlord  
  60  5:13  Baneling Nest  
  59  5:20  Overlord x2  
  59  5:21  Overlord  
  59  5:30  Drone x3  
  52  6:06  Drone x3  
  52  6:07  Lair  
  52  6:09  Drone  
  52  6:10  Drone x5, Extractor  
  60  6:14  Burrow  
  60  6:16  Roach  
  60  6:17  Roach x4  
  65  6:39  Spine Crawler  
  64  6:50  Ravager x4  
  64  6:51  Ravager  
  69  7:12  Drone x2  
  71  7:18  Glial Reconstitution  
  71  7:22  Drone x2  
  73  7:23  Drone x3, Hydralisk Den  
  73  7:25  Queen  
  77  7:30  Evolution Chamber  
  77  7:31  Evolution Chamber, Baneling x3  
  77  7:32  Baneling x2  
  75  7:53  Hatchery  
  75  7:56  Roach  
  75  7:57  Zerg Missile Weapons Level 1, Roach x10  
  75  7:58  Zerg Ground Armor Level 1  
  96  7:59  Roach x5  
  106  8:07  Roach  
  106  8:12  Overlord  
  108  8:23  Overlord x2  
  108  8:25  Extractor, Muscular Augments  
  107  8:52  Overlord x2  
  107  8:53  Overlord  
  107  8:55  Ravager  
  107  8:59  Overlord x2  
  108  9:07  Ravager x2  
  108  9:08  Ravager x4  
  114  9:11  Ravager  
  114  9:12  Queen  
  114  9:13  Overlord x5  
  114  9:15  Roach x6  
  114  9:16  Roach x2  
  107  10:17  Hydralisk  
  107  10:18  Hydralisk x15  
  136  10:55  Queen  
  136  10:56  Drone  
  136  10:57  Drone x2  
  141  10:58  Drone x3  
  141  10:59  Drone x5  
  149  11:14  Overseer x3  
  144  11:43  Drone x2  
  144  11:44  Drone  
  144  11:45  Drone x4  
  144  11:46  Drone x3  
  154  11:47  Extractor  
  153  11:58  Roach x3  
  153  11:59  Roach x3  
  165  12:07  Extractor  
  164  12:09  Overlord x3  
Tags
 
Add a new tag
Caveats
  • Supply blocks, unpowered buildings, or Contaminate may cause inaccurate times.
  • Supply counts are checked every 10 seconds.